[Event "EU-ch 12th"]
[Site "Aix les Bains"]
[Date "2011.04.01"]
[Round "10"]
[White "Cornette, Matthieu"]
[Black "Sermier, Guillaume"]
[Result "1/2-1/2"]
[ECO "E45"]
[WhiteElo "2548"]
[BlackElo "2428"]
[Annotator "Marchand,A/Primel,D"]
[PlyCount "103"]
[EventDate "2011.03.22"]
[EventType "swiss"]
[EventRounds "11"]
[EventCountry "FRA"]
[SourceTitle "CBM 142 Extra"]
[Source "ChessBase"]
[SourceDate "2011.06.27"]
[SourceVersion "1"]
[SourceVersionDate "2011.06.27"]
[SourceQuality "1"]
[TimeControl "40/5400+30:1800+30"]

1. d4 Nf6 2. c4 e6 3. Nc3 Bb4 4. e3 b6 (4... c5) 5. Nge2 (5. Bd3 Bb7 6. Nf3 Ne4
7. Qc2 Bxc3+ 8. bxc3 f5 9. O-O O-O 10. Nd2 Qh4 11. f3 Nxd2 12. Bxd2 Nc6 13.
Rab1 d6 14. e4 f4 15. e5 dxe5 16. Rfe1 Rae8 17. d5 exd5 {Lafuente,P (2561)
-Harikrishna,P (2667) Gibraltar Masters 9th 2011 (5) 1-0} (17... Na5 18. Rxe5
exd5)) 5... Ba6 (5... c5 $5 6. a3 (6. d5 $6 b5 $1 7.
cxb5 (7. a3 Ba5 8. cxb5 Nxd5) 7... Nxd5 8. Bd2 Nxc3 9. Nxc3 d5 $132 ) 6... Ba5 7. Rb1 Na6 8. Bd2 (8. Qa4 Bb7 9. b4 Bc6 10. b5 Be4 11. Rb2 cxd4 (11... Nc7) 12. exd4 Nc7 13. Bd2 Bb7 14. Nf4
O-O 15. Bd3 d6 (15... a6 $5 ) 16. O-O e5 $132 {Garcia Palermo,C 
(2475)-Grosar,A (2480) Mitropa Cup 15th 1993 1/2})) 6. Qa4 (6. a3 Bxc3+ 7. Nxc3
d5 8. b3 Nc6 9. a4 O-O 10. Be2 Na5 11. Ba3 Re8 12. Rb1 Rc8 13. O-O c5 14. dxc5
bxc5 15. Nb5 $14) (6. Ng3 Bxc3+ 7. bxc3 d5 8. Ba3 (8. Qf3) 8... Bxc4 9. Bxc4
dxc4 10. Qa4+ Qd7 11. Qxc4 Qc6 $11) 6... c5 7. a3 {84} cxd4 {64} ({RR} 7...
Bxc3+ 8. Nxc3 O-O 9. dxc5 bxc5 10. Be2 d5 11. O-O Qb6 12. cxd5 Bxe2 13. Nxe2
exd5 14. b4 Nbd7 15. Bb2 Rab8 16. Rfc1 Rfc8 17. h3 h6 18. Rc2 a5 19. bxa5 Qa6
20. Bc3 c4 21. Rb2 Rxb2 22. Bxb2 {Aleksandrov,A (2659)-Istratescu,A (2586)/
Budva 2003/1/2-1/2 (43)}) 8. exd4 $146 ({RR} 8. Qxb4 dxc3 9. Nxc3 Qe7 10. Qa4
Bb7 11. Be2 Bxg2 12. Rg1 Bc6 13. Qc2 g6 14. e4 d6 15. Bh6 Nbd7 16. O-O-O Nc5
17. Bf3 e5 18. Kb1 Ne6 19. Nd5 Bxd5 20. cxd5 Nd8 21. Rc1 a5 22. Be2 Ra7 {
Turner,A-Saidy,A/New Orleans 1954/1-0 (50)}) ({RR} 8. axb4 dxc3 9. Nxc3 O-O 10.
Be2 d5 11. b5 Bb7 12. O-O Nbd7 13. Rd1 Qc7 14. cxd5 Nxd5 15. Bd2 Nc5 16. Qa3
Qe5 17. b4 Ne4 18. Nxe4 {1/2-1/2 Kovacevic,B (2510)-Markus,R (2584)/Djakovo
2005}) 8... Be7 9. Bf4 $6 {Prématuré} (9. d5 $5) (9. g3 $1 Bb7 (9... Qc8 $6 10.
Bg2 Bb7 11. d5) 10. d5 $1 exd5 (10... Na6 11. Bg2 Nc5 12. Qd1 a5 13. O-O exd5 (13... O-O 14. d6) 14. cxd5 d6 15. Nd4 ) 11. cxd5 Nxd5 12. Qe4) 9... Qc8 10.
Ng3 {67} O-O {51} 11. Rc1 d6 12. Be2 Bb7 13. d5 Qd7 14. Qd1 Na6 15. O-O {49}
Nc7 {32} 16. Bf3 e5 17. Bg5 Rab8 18. Bxf6 Bxf6 19. Bg4 Qd8 20. Nce4 $14 {
[%csl Gg5] 24} g6 {[%cal Gf6g7,Gf7f5] 25} 21. Nxf6+ Qxf6 22. b4 Rfd8 (22... Qg5
$5 ) 23. f4 $1 exf4 24. Qd2 Qg5 25. Rxf4 {08} f5
$2 {05} 26. h4 $2 $138 (26. Nxf5 $1 gxf5 27. Bxf5 $18 ) 26... Qh6 27. Bxf5 Rf8 28. Be6+ Nxe6 29. Rxf8+ Qxf8 30. dxe6 Qe7 31.
Re1 Rf8 32. b5 Rf6 33. Qg5 Kf8 34. Qh6+ Kg8 35. Re3 Bc8 36. Qg5 Kf8 37. Ne4
Rxe6 38. Rf3+ Kg7 39. Qxe7+ Rxe7 40. Nxd6 Bg4 41. Rf4 Be6 42. g4 h6 43. Kf2 g5
44. hxg5 hxg5 45. Nf5+ Kf6 46. Rf3 Rc7 47. Nd4+ Ke5 48. Nc6+ Kd6 49. Rf6 Rf7
50. Rxf7 Bxf7 51. Nxa7 Bxc4 52. Ke3 1/2-1/2

[Event "Sautron op 13th"]
[Site "Sautron"]
[Date "2013.10.28"]
[Round "4"]
[White "Nguyen, Chi Minh"]
[Black "Bailet, Pierre"]
[Result "1/2-1/2"]
[ECO "E45"]
[WhiteElo "2389"]
[BlackElo "2474"]
[Annotator "RR"]
[PlyCount "55"]
[EventDate "2013.10.26"]
[EventType "swiss"]
[EventRounds "9"]
[EventCountry "FRA"]
[SourceTitle "EXT 2016"]
[Source "ChessBase"]
[SourceDate "2015.10.08"]
[SourceVersion "1"]
[SourceVersionDate "2015.10.08"]
[SourceQuality "1"]
[TimeControl "40/5400+30:1800+30"]
[WhiteClock "1:30:00"]
[BlackClock "1:30:00"]

1. d4 Nf6 2. c4 e6 3. Nc3 Bb4 4. e3 b6 (4... c5 5. Bd3 Nc6 6. Nge2 cxd4 7. exd4 d5 8. cxd5 Nxd5 9. a3
Bd6 10. Bc2 O-O 11. Qd3 g6 12. Ne4 Be7 13. h4 e5 14. Bh6 Re8 15. h5 exd4 16.
hxg6 hxg6 17. O-O-O Bf5 18. N2g3 Be6 19. Qd2 Bf6 20. Nxf6+ Qxf6 21. Bg5 $36 {
Emms}) (4... d5) (4... Ne4 5. Qc2 f5 6. Bd3 O-O 7. Nge2 (7. Bxe4 $6 fxe4 8.
Qxe4 d5 9. Qd3 Qg5 10. g3 b6 11. cxd5 exd5 12. Nge2 Ba6 $44) 7... b6 8. O-O
Bxc3 9. Nxc3 Nxc3 10. Qxc3 Bb7 11. f3 $14) 5. Nge2 Ba6 {
[%emt 0:01:17] La variante FISCHER} (5... c5 6. a3 Ba5 7. Rb1 Na6 8. Bd2 O-O 9.
d5 {De Lagontrie,J (2007)-Primel,D (2127) Rohde op 04th 2004 (6) 0-1}) (5...
Ne4 $5) 6. Ng3 Bxc3+ (6... c5 7. d5 exd5 8.
cxd5 Bxf1 9. Kxf1 O-O $11 {Lautier,J (2648)-Leitao,R (2567) FIDE-Wch k.o. 2000
(1.1) 0-1}) 7. bxc3 d5 8. Ba3 (8. Qf3 {L'alternative} O-O 9. cxd5 exd5 10. Bxa6 Nxa6 11. Qe2 Qc8
(11... Nb8)) 8... Bxc4 (8... dxc4 9. e4 (9. Qf3) (9. Qa4+ b5)
9... Qd7 10. Be2 Nc6 11. Qc2 (11. O-O O-O-O {Gligoric,S-Petrosian,T Vinkovci
1970 (4) 1/2}) 11... O-O-O 12. O-O h5 13. Rfd1 h4 14. Nf1 Nh5 15. d5 Ne5 16.
dxe6 Qe8 17. Rxd8+ Qxd8 18. Bxh5 Rxh5 19. f4 Nd3 20. exf7 c5 21. Qe2 (21. Qa4
Kb7 22. Ne3) 21... Rh8 22. e5 Kb8 23. e6 Qf6 24. Re1 {Portisch,L (2640)
-Fischer,R Siegen ol (Men) fin-A 1970 (10) 1/2} (24. Qe4 Nxf4 25. Re1)) 9. Bxc4 dxc4 10. Qa4+ (10. O-O Qd7
11. e4 Qb5 12. Qf3 Nbd7 13. Rfb1 {Christiansen,L (2515)-De Firmian,N (2520)
USA-ch Greenville 1983 (13) 1/2} (13. Rfe1 O-O-O)) 10... Qd7 11. Qxc4 Qc6 12. Qxc6+ Nxc6 13. c4 O-O-O $11 14. Ke2 Kb7 (14... Rd7 15. Bb2 Rhd8 16. Bc3 Ne8 17.
Rhc1 g6 18. Be1 f5 19. a4 Nb8 20. a5 c6 21. Kf1 Kb7 22. axb6 axb6 23. Rab1 Ka7
24. Ne2 Nd6 25. Rc2 Na6 26. Nf4 Re8 27. Nd3 c5 28. Ra1 Kb7 29. Rca2 Ra8 30.
dxc5 Nxc4 31. Nb4 Nxb4 32. Rxa8 Nc6 33. cxb6 Nxb6 34. Re8 e5 35. Rb1 Kc7 36.
Re6 Nc8 37. Rc1 Nd6 38. Bb4 e4 39. h4 {1-0 (39) Nisipeanu,L (2667)-Moreno Ruiz,
J (2486) Montcada 2013}) 15. Rhc1 $146 (15. Bb2 Rd7 16. Bc3
Rc8 17. a4 a5 18. Rab1 Ka6 19. Rhc1 h6 20. f3 Rdd8 21. Nf1 Ne7 22. Nd2 c5 23.
dxc5 Rxc5 24. Bd4 Rc6 25. c5 Nfd5 26. cxb6 Rxc1 27. Rxc1 Nf5 28. Be5 Kxb6 29.
g4 f6 30. gxf5 fxe5 31. fxe6 Re8 32. Nc4+ Ka6 33. Nxe5 Rxe6 34. f4 g5 35. Rc5
Ne7 36. fxg5 hxg5 37. Nc4 Nc6 38. Rxg5 Rh6 39. Rg2 Rh4 40. Kd3 Kb7 41. Kc3 Rh3
42. Rg5 Kc7 43. Rc5 Kd7 44. Ne5+ Nxe5 {Atalik,E (2430)-Rakic,M (2294) Belgrade
2013 1-0 (65)}) 15... Ne8 16. Rab1 f5 17. Nh5 g5 18. Rc2 (18. d5 exd5 19. Rb5 dxc4 20. Rxf5 $44 ) 18... Rg8 19. h4 $1 h6 20. c5 Rg6 21. cxb6 axb6 22. Rbc1 $36 {[%emt 0:01:56] Les pièces
Blanches sont plus actives et mieux coordonnées} e5 23. dxe5 Nxe5 24. hxg5 hxg5 25. Ng3 f4 26. Ne4 fxe3 27. fxe3 Rd7 28. Rh1 1/2-1/2